 Dungeon Crawl Stone Soup version 0.31.0-12-g77e489cdc1 (webtiles) character file.

Game seed: 12434050223560533841

59 James the Shooter (level 3, -5/20 HPs)
             Began as a Deep Elf Hunter on Feb 13, 2024.
             Killed from afar by Sigmund (12 damage)
             ... with a puff of flame
             ... on level 3 of the Dungeon.
             The game lasted 00:02:52 (1552 turns).

James the Shooter (Deep Elf Hunter)                 Turns: 1552, Time: 00:02:52

Health: -5/20      AC:  3    Str: 10    XL:     3   Next: 78%
Magic:  5/5        EV: 12    Int: 13    God:
Gold:   108        SH:  0    Dex: 18    Spells: 2/2 levels left

rFire   . . .        a - +0 shortbow
rCold   + . .        (shield currently unavailable)
rNeg    . . .        c - +0 leather armour
rPois   .            (no helmet)
rElec   .            (no cloak)
rCorr   .            (no gloves)
SInv    .            (no boots)
Will    .....        (no amulet)
Stlth   ++           o - ring of protection from cold
HPRegen 0.23/turn    (no ring)
MPRegen 0.09/turn

%: no passive effects
@: no status effects
A: no striking features
a: no special abilities


You were on level 3 of the Dungeon.
You visited 1 branch of the dungeon, and saw 3 of its levels.

You collected 108 gold pieces.

Inventory:

Hand Weapons
 a - a +0 shortbow (weapon)
 b - a +2 dagger of holy wrath
   (You took it off a goblin on level 1 of the Dungeon)
Armour
 c - a +0 leather armour (worn)
 h - a +0 robe
   (You found it on level 1 of the Dungeon)
 l - a +0 leather armour
   (You found it on level 1 of the Dungeon)
 m - a +0 ring mail
   (You found it on level 2 of the Dungeon)
 s - a +0 chain mail
   (You found it on level 2 of the Dungeon)
 t - a +0 ring mail
   (You found it on level 3 of the Dungeon)
 u - a +0 ring mail
   (You found it on level 3 of the Dungeon)
Jewellery
 o - a ring of protection from cold (left hand)
   (You found it on level 1 of the Dungeon)
Scrolls
 d - 4 scrolls of identify {unknown}
 e - a scroll of butterflies
 j - a scroll of fog {unknown}
 n - a scroll of fear {unknown}
 p - 2 scrolls of teleportation {unknown}
 q - a scroll of enchant weapon {unknown}
Potions
 f - a potion of curing {unknown}
 g - 2 potions of enlightenment {unknown}
 i - 2 potions of heal wounds {unknown}
 k - a potion of lignification {unknown}
 r - a potion of attraction {unknown}


   Skills:
 - Level 1.5 Fighting
 + Level 7.3 Ranged Weapons
 - Level 2.4 Dodging
 - Level 1.2 Stealth


You had 2 spell levels left.
You didn't know any spells.
Your spell library was empty.

Dungeon Overview and Level Annotations

Branches:
Dungeon (3/15)

Altars:

Annotations:
D:3 Sigmund


Message History

Press: ? - help, Q - select action Shift-Dir - straight line, f/p - Sigmund
Aim: Sigmund, wielding a +0 scythe and wearing a +0 robe (moderately wounded, 61% to hit)
You shoot an arrow. The hobgoblin shouts!
The arrow hits Sigmund but does no damage.
Sigmund casts a spell at you. The magic dart hits you.
You shoot an arrow. The arrow hits Sigmund.
You shoot an arrow. The arrow hits Sigmund.
You shoot an arrow. The arrow hits Sigmund.
Sigmund casts a spell at you. You resist with some effort.
You shoot an arrow. The arrow hits Sigmund!
Sigmund mumbles some strange words.
Sigmund flickers and vanishes!
Deactivating autopickup; reactivate with Ctrl-A.
You shoot an arrow. The arrow closely misses the hobgoblin.
Something hits you but does no damage. The hobgoblin barely misses you.
The hobgoblin attacks as it pursues you!
The hobgoblin misses you.
The hobgoblin attacks as it pursues you!
The hobgoblin barely misses you.
The hobgoblin attacks as it pursues you!
The hobgoblin barely misses you.
The hobgoblin attacks as it pursues you!
The hobgoblin closely misses you. Something hits you!
The hobgoblin attacks as it pursues you!
The hobgoblin hits you.
* * * LOW HITPOINT WARNING * * *
The hobgoblin attacks as it pursues you!
The hobgoblin hits you.
* * * LOW HITPOINT WARNING * * *
The hobgoblin attacks as it pursues you!
The hobgoblin closely misses you.
The hobgoblin attacks as it pursues you!
The hobgoblin hits you.
* * * LOW HITPOINT WARNING * * *
The hobgoblin attacks as it pursues you!
The hobgoblin hits you.
* * * LOW HITPOINT WARNING * * *
The hobgoblin attacks as it pursues you!
The hobgoblin misses you.
The hobgoblin attacks as it pursues you!
The hobgoblin closely misses you.
A puff of flame appears from out of thin air!
The puff of flame hits you!
Ouch! That really hurt!
You die...

... #....# #..##....#
#.......# .#####...###
.......<รท..####
..............+
.#########..###
#.......# .#
#.....@.##+###.#
#.......#......#
#.....g.#......##
#.......#.......
#......{#.....#
#.......#.....#
#.............#
########...############
##......).......


You could see a hobgoblin.

Vanquished Creatures
  3 adders (D:3)
  A dart slug (D:1)
  5 ball pythons
  4 bats
  An endoplasm (D:2)
  2 giant cockroaches
  A goblin (D:1)
  4 hobgoblins
  2 quokkas (D:1)
  A frilled lizard (D:2)
  2 kobolds
  3 rats
29 creatures vanquished.

Notes
Turn   | Place    | Note
-------+----------+-------------------------------------------
     0 | D:1      | James the Deep Elf Hunter began the quest for the Orb.
     0 | D:1      | Reached XP level 1. HP: 12/12 MP: 3/3
   132 | D:1      | Reached skill level 6 in Ranged Weapons
   132 | D:1      | Reached XP level 2. HP: 16/16 MP: 4/4
   958 | D:2      | Found a faded altar of an unknown god.
  1114 | D:2      | Reached XP level 3. HP: 20/20 MP: 5/5
  1351 | D:3      | Reached skill level 7 in Ranged Weapons
  1524 | D:3      | Noticed Sigmund
  1552 | D:3      | Killed from afar by Sigmund

Illustrated notes

Levels and vault maps discovered:
D:1:      dpeg_arrival_tiny_j, layout_loops_ring, st_stairs_11,
          chequers_serial_rivers_micro_c, roderic_lattice_a
D:2:      layout_rooms, shapermc_ecumenical_altar_notcrosses, patterned_corridor
D:3:      layout_basic, nicolae_overflow_ecumenical_swirl, uniq_sigmund,
          uniq_terence

Skill      XL: |  1  2  3 |
---------------+----------+-----
Ranged Weapons | 6 7 |  7.3
Fighting       | |  1.5
Dodging        | |  2.4
Stealth        | |  1.2

Action                     || total
---------------------------++-------
  Melee: Dagger            ||     4
   Fire: Shortbow          ||    87
 Armour: Leather armour    ||    29
  Dodge: Dodged            ||    24
